 Dungeon Crawl Stone Soup version 0.21.1-1-g345015f (webtiles) character file.

344 inc the Scratcher (level 6, -2/28 HPs)
             Began as a Felid Monk on Mar 7, 2018.
             Slain by a hound (4 damage)
             ... on level 4 of the Dungeon.
             The game lasted 00:08:17 (4769 turns).

inc the Scratcher (Felid Monk)                      Turns: 4769, Time: 00:08:18

Health: -2/28      AC:  2    Str:  7    XL:     6   Next: 31%
Magic:  7/7        EV: 20    Int: 14    God:
Gold:   271        SH:  0    Dex: 20    Spells: 5/5 levels left
                                        Lives:  0   Deaths: 1

rFire    . . .     SeeInvis +     - Unarmed
rCold    . . .     Gourm    .   (shield unavailable)
rNeg     . . .     Faith    .   (armour unavailable)
rPois    .         Spirit   .   (helmet unavailable)
rElec    .         Reflect  .   (cloak unavailable)
rCorr    .         Harm     .   (gloves unavailable)
MR       .....                  (boots unavailable)
Stlth    ++++......             (no amulet)
HPRegen  0.09/turn              (no ring)
MPRegen  0.10/turn              (no ring)

@: quick
A: very small, no armour, no weapons or thrown items, stealth, claws 1, fangs 3,
thin skeletal structure 1, camouflage 1, see invisible, carnivore, speed 1,
shaggy fur 2, slow metabolism 1, sharp paws
a: no special abilities


You were on level 4 of the Dungeon.
You were not hungry.

You visited 1 branch of the dungeon, and saw 4 of its levels.
You also visited: Sewer.

You collected 271 gold pieces.

Inventory:

Jewellery
 c - an uncursed amulet of rage {unknown}
 j - an uncursed ring of ice {unknown}
Scrolls
 b - 3 scrolls of identify {unknown}
 d - a scroll of silence {unknown}
 e - 2 scrolls of fog {unknown}
 f - a scroll of fear {unknown}
 g - a scroll of teleportation {unknown}
 h - 2 scrolls of enchant armour {unknown}
 k - a scroll of enchant weapon {unknown}
 m - a scroll of remove curse {unknown}
 n - 3 scrolls of blinking {unknown}
 p - a scroll of amnesia {unknown}
 q - a scroll of random uselessness {unknown}
Potions
 i - a potion of magic
 l - a potion of agility
Comestibles
 a - 6 rations


   Skills:
 - Level 3.0 Fighting
 - Level 4.0 Dodging
 - Level 2.6 Stealth
 + Level 7.8 Unarmed Combat


You had 5 spell levels left.
You didn't know any spells.

Dungeon Overview and Level Annotations

Branches:
Dungeon (4/15)
 Temple: D:4-7

Altars:
Dithmenos


Innate Abilities, Weirdness & Mutations

You cannot wear armour.
You are incapable of wielding weapons or throwing items.
Your paws allow you to move quietly. (Stealth)
You have sharp claws.
You have razor-sharp teeth.
You have supernaturally acute eyesight. (SInv)
You are carnivorous and can eat meat at any time.
You cover ground quickly.
You are covered in thick fur. (AC +2)
You have a slow metabolism.
Your sharp claws are effective at attacking unaware monsters.
You have a somewhat thin skeletal structure. (Dex +2, Stealth)
Your skin changes colour to match your surroundings (Stealth+).


Message History

You claw the gnoll! You bite the gnoll, but do no damage.
The gnoll is severely wounded.
The gnoll hits you!
* * * LOW HITPOINT WARNING * * *
Unknown command.
You claw the gnoll!
You kill the gnoll!
A hound comes into view.
Things that are here:
a club; a spear There isn't anything to butcher here.
Okay, then.
Things that are here:
a spear; a gnoll corpse A hound comes into view.
The hound misses you.
You scratch the hound.
The hound is moderately wounded.
The hound bites you.
You die...

### . ..#. ..#
############ ##### ...
>.###
>.####..........##....
....##...
..#.†..†.)......#..#
.........
<...##............##
#$...<
..###############(.####..
#..... ..# #.......#
#..... ..# ##h..#####
#..... .## ###@.#....#
#..... ..# ##...##>##...
#.....s #.# #..#....#
#......... #.# #.##.####
#....... #.# #####.##.#
#.# #))...##.# #.#
#.†#####..# #.# #..## .##
#.# #.# .


You could see a hound.

Vanquished Creatures
  2 bullfrogs (Sewer)
  An iguana (D:4)
  A worker ant (D:4)
  4 gnolls (D:4)
  6 adders
  2 river rats (D:3)
  9 oozes
  A dart slug (D:1)
  15 leopard geckos
  8 ball pythons
  12 giant cockroaches
  8 goblins
  7 hobgoblins
  6 jackals
  3 kobolds
  8 bats
  20 frilled lizards
  11 rats
124 creatures vanquished.

Notes
Turn   | Place    | Note
-------+----------+-------------------------------------------
     0 | D:1      | inc the Felid Monk began the quest for the Orb.
     0 | D:1      | Reached XP level 1. HP: 10/10 MP: 2/2
   114 | D:1      | Reached XP level 2. HP: 5/14 MP: 3/3
   707 | D:2      | Reached skill level 4 in Unarmed Combat
  1179 | D:1      | Reached XP level 3. HP: 17/17 MP: 4/4
  1900 | D:2      | Reached XP level 4. HP: 20/21 MP: 5/5
  2021 | D:2      | Reached skill level 5 in Unarmed Combat
  2693 | D:3      | Found a shadowy altar of Dithmenos.
  2853 | D:3      | Found a glowing drain.
  2859 | Sewer    | Entered a sewer
  3074 | Sewer    | Reached XP level 5. HP: 24/24 MP: 6/6
  3208 | Sewer    | Reached skill level 6 in Unarmed Combat
  3846 | Sewer    | Gained mutation: You have a somewhat thin skeletal structure. (Dex +2, Stealth) [potion of mutation]
  3846 | Sewer    | Gained mutation: Your skin changes colour to match your surroundings (Stealth+). [potion of mutation]
  3847 | Sewer    | Slain by a bullfrog
  3848 | Sewer    | Reached XP level 4. HP: 0/21 MP: 5/5
  3946 | Sewer    | Noticed a bullfrog
  3953 | Sewer    | Killed a bullfrog
  3953 | Sewer    | Reached XP level 5. HP: 24/24 MP: 6/6
  3963 | Sewer    | Reached skill level 7 in Unarmed Combat
  4387 | D:4      | Gained mutation: You are covered in thick fur. (AC +2) [Felid growth]
  4387 | D:4      | Reached XP level 6. HP: 28/28 MP: 7/7
  4757 | D:4      | HP: 1/28 [gnoll (7)]
  4769 | D:4      | Slain by a hound

Skill      XL: |  1  2  3  4  5 |
---------------+----------------+-----
Unarmed Combat | 4 5 7 |  7.8
Fighting       | |  3.0
Dodging        | |  4.0
Stealth        | |  2.6

Action                   |  1- 3 |  4- 6 || total
-------------------------+-------+-------++-------
Melee: Unarmed           |   107 |   240 ||   347
       Bite              |    13 |    18 ||    31
       Punch             |     3 |     5 ||     8
  Use: Potion            |     1 |     5 ||     6
 Stab: Sleeping          |     6 |     6 ||    12
       Distracted        |     1 |     1 ||     2
  Eat: Chunk             |     4 |    10 ||    14
Armor: Skin              |    16 |    11 ||    27
Dodge: Dodged            |   108 |   200 ||   308
